Unix NetHack Version 5.0.0-0 post-release - last build May  4 2026 22:22:43 (774f63e81ad911689b3a0859ea89b322d5daca8d,branch:main).

Game began 2026-05-07 22:04:17, ended 2026-05-07 22:25:37.

Hamtub, lawful male human Samurai

                                                                   -
                                                 ---  .           --.-
                                                 ..--.-           |...--
                                               --.....---          -...------
                         |             ---   ---..... |..       ------......--
                         |.     -- --- ..--  |.....   |.---------.%....%.....|
                         |.... --.--.---..|  |....   --...........----......-|
                          -.......e@G.|.-.---|...-  --.......------|.........--
                          |..................|...----..|`|..--     |.........>|
                          |.............---...........-- --.--     --.....--.--
                          |............-- -----.-------   |..|      ---..-- --
                          ---...........      |.-         -..-    --- |..--
                            |..........-      |..          ...   --.---)..|
                            ----.|....--      |..         ...-- --...^..`--
                               ----...|       |..         ..--  |..<..|...|
                                  --.--       ----       ----   --.|.---.--
                                   ---                           -----  --
Hamtub the Ronin       St:18 Dx:15 Co:18 In:9 Wi:8 Ch:7  Lawful
Dlvl:3  $:4  HP:0(26) Pw:9(9) AC:3  Xp:3 T:597 

Latest messages:
 The coyote bites!
 You miss the coyote.
 You kill the coyote!
 d - a +0 ya (in quiver) (25 in total).
 You see here a +0 ya.
 d - a +0 ya (in quiver) (26 in total).
 You see here a blue gem.
 v - a blue gem.
 Pick a monster, object or location.
 @        a human or elf (human samurai called Hamtub)
 Pick a monster, object or location.
 In what direction? 1
 You shoot 2 ya.
 The 1st ya hits the gnome!
 You kill the gnome!
 You swap places with the peaceful hobbit.
 You swap places with the peaceful hobbit.
 You see here a +0 ya.
 You see here a +0 ya.
 d - a +0 ya (in quiver) (25 in total).
 You try to move the boulder, but in vain.
 You swap places with the peaceful hobbit.
 You hear crashing rock.
 There appears to be no shopkeeper here to receive your payment.
 You swap places with the peaceful hobbit.
 There appears to be no shopkeeper here to receive your payment.
 What do you want to throw? [$abdfjkoqtu or ?*] <esc>
 Never mind.
 You miss the newt.
 The newt bites!
 You kill the newt!
 You hit the floating eye.
 You are frozen by the floating eye's gaze!
 You hear crashing rock.
 The gnome hits!
 The gnome hits!
 The gnome hits!
 The gnome hits!
 The gnome hits!
 The gnome hits!
 The gnome hits!
 The gnome hits!
 The gnome misses!
 The gnome hits!
 You die...
 Do you want your possessions identified? [ynq] (y) y
 Do you want to see your attributes? [ynq] (y) y
 Do you want an account of creatures vanquished? [ynaq] (y) y
 Do you want to see your conduct and achievements? [ynq] (y) y
 Do you want to see the dungeon overview? [ynq] (y) y

Inventory:
 Coins    ('$')
  $ - 4 gold pieces
 Weapons  (')')
  o - a blessed +0 arrow
  f - 22 +0 arrows
  k - a cursed -3 arrow
  u - 7 +0 crossbow bolts
  d - 25 +0 ya (in quiver)
  c - a +0 yumi (weapon in right hand)
  j - 14 +0 darts
  t - a cursed -1 dagger
  q - a cursed -1 aklys
  a - a +0 katana (alternate weapon; not wielded)
  b - a +0 wakizashi
 Armor    ('[')
  r - an uncursed +0 pair of iron shoes (being worn)
  s - a cursed -2 dwarvish cloak (being worn)
  p - an uncursed +0 tanko (being worn)
 Comestibles  ('%')
  g - a cursed carrot
  n - an uncursed lembas wafer
 Spellbooks  ('+')
  m - an uncursed spellbook of confuse monster
 Wands    ('/')
  i - a wand of lightning (0:2)
 Gems/Stones  ('*')
  v - an uncursed worthless piece of blue glass
  h - an uncursed worthless piece of red glass
  l - a cursed worthless piece of yellowish brown glass

Hamtub the Samurai's attributes:

Background:
 You were a Ronin, a level 3 male human Samurai.
 You were lawful, on a mission for Amaterasu Omikami
 who was opposed by Raijin (neutral) and Susanowo (chaotic).
 You were right-handed.
 You were in the Gnomish Mines, on level 3.
 You entered the dungeon 597 turns ago.
 It was nighttime.
 You had 71 experience points, 9 more were needed to attain level 4.

Basics:
 You had 0 out of 26 hit points.
 You had all 9 energy points (spell power).
 Your armor class was 3.
 Your wallet contained 4 zorkmids.
 Autopickup was off.

Final Characteristics:
 Your strength was 18 (limit:18/100).
 Your dexterity was 15 (limit:18).
 Your constitution was 18 (limit:18).
 Your intelligence was 9 (limit:18).
 Your wisdom was 8 (limit:18).
 Your charisma was 7 (limit:18).

Final Status:
 You weren't hungry.
 You were unencumbered.
 You were wielding a bow.
 You had basic skill with bow.

Final Attributes:
 You were fervently aligned.
 Your items were somewhat protected from fire.
 Your items were somewhat protected from cold.
 You were guarded.
 Your spell casting was impaired by metallic armor.
 You were fast.
 You were unlucky.
 You are dead.

Miscellaneous:
 You didn't encounter any bones levels.
 Total elapsed playing time was 21 minutes and 13 seconds.

Major events:
 Turn
    1: Hamtub the lawful male human Samurai entered the dungeon
  464: entered the Gnomish Mines
  476: attained the rank of Ronin (level 3)
  597: killed by a gnome, while frozen by a floating eye's gaze

Spells:
 Name                 Level Category     Fail Retention
 confuse monster        1   enchantment  100%  76%-100%

Skills:
 Fighting Skills
   martial arts      [Basic]
   two weapon combat [Unskilled]
   riding            [Unskilled]
 Weapon Skills
   dagger            [Unskilled]
   knife             [Unskilled]
   short sword       [Basic]
   broadsword        [Unskilled]
   long sword        [Basic]
   two-handed sword  [Unskilled]
   saber             [Unskilled]
   flail             [Unskilled]
   quarterstaff      [Unskilled]
   polearms          [Unskilled]
   spear             [Unskilled]
   lance             [Unskilled]
   bow               [Basic]
   shuriken          [Unskilled]
 Spellcasting Skills
   attack spells     [Unskilled]
   divination spells [Unskilled]
   clerical spells   [Unskilled]

Voluntary challenges:
 Character rerolling was not enabled.
 You went without food.
 You were an atheist.
 You never genocided any monsters.
 You never polymorphed an object.
 You never changed form.
 You used no wishes.
Achievements:
 You entered the Gnomish Mines.
 You attained the rank of Ronin.

 The Dungeons of Doom: levels 1 to 2
    Level 1:
       A fountain, a grave.
    Level 2:
       Stairs down to The Gnomish Mines.
 The Gnomish Mines:
    Level 3: <- You were here.
       Final resting place for
          you, killed by a gnome, while frozen by a floating eye's gaze.


Vanquished creatures:
  a little dog
  a dwarf
  2 coyotes
  5 gnomes
  2 geckos
  3 jackals
  a kobold
  a goblin
  6 newts
22 creatures vanquished.

No species were genocided or became extinct.

Game over:
                       ----------
                      /          \
                     /    REST    \
                    /      IN      \
                   /     PEACE      \
                  /                  \
                  |      Hamtub      |
                  |       4 Au       |
                  |   killed by a    |
                  |      gnome       |
                  |                  |
                  |                  |
                  |       2026       |
                 *|     *  *  *      | *
        _________)/\\_//(\/(/\)/\//\/|_)_______

Sayonara Hamtub the Samurai...

You died in The Gnomish Mines on dungeon level 3 with 398 points,
and 4 pieces of gold, after 597 moves.
You were level 3 with a maximum of 26 hit points when you died.

